 Dungeon Crawl Stone Soup version 0.28.0-61-g67df4f89a8 (webtiles) character file.

Game seed: 15975302519386702924

177 hikkokomori the Skirmisher (level 5, -1/33 HPs)
             Began as a Gargoyle Fighter on Feb 15, 2023.
             Slain by an ogre
             ... wielding a +0 giant spiked club
              (12 damage)
             ... on level 4 of the Dungeon.
             The game lasted 00:04:31 (2482 turns).

hikkokomori the Skirmisher (Gargoyle Fighter)       Turns: 2482, Time: 00:04:31

Health: -1/33      AC: 12    Str: 20    XL:     5   Next: 57%
Magic:  5/5        EV:  9    Int: 10    God:
Gold:   150        SH:  4    Dex:  9    Spells: 2/4 levels left

rFire   . . .      SeeInvis .   a - +0 flail
rCold   . . .      Faith    .   c - +0 buckler
rNeg    + . .      Spirit   .   b - +0 scale mail
rPois   ∞          Reflect  .   (no helmet)
rElec   +          Harm     .   (no cloak)
rCorr   .          Rampage  .   (no gloves)
Will    .....                   k - +0 pair of boots
Stlth   ..........              (no amulet)
HPRegen 0.11/turn               (no ring)
MPRegen 0.09/turn               (no ring)

@: no status effects
A: sickness immunity, AC +4, negative energy resistance 1, electricity
resistance, torment resistance 1, petrification resistance
a: no special abilities


You were on level 4 of the Dungeon.
You visited 1 branch of the dungeon, and saw 4 of its levels.

You collected 150 gold pieces.

Inventory:

Hand Weapons
 a - a +0 flail (weapon)
Armour
 b - a +0 scale mail (worn)
 c - a +0 buckler (worn)
 k - a +0 pair of boots (worn)
 m - a +0 plate armour
Jewellery
 o - an amulet of guardian spirit
Scrolls
 e - a scroll of enchant weapon {unknown}
 f - a scroll of enchant armour {unknown}
 i - a scroll of magic mapping {unknown}
 l - a scroll of amnesia
 n - a scroll of teleportation {unknown}
 q - a scroll of brand weapon {unknown}
 r - a scroll of fog {unknown}
Potions
 d - 2 potions of might
 g - a potion of haste
 h - a potion of curing {unknown}
 p - 2 potions of heal wounds


   Skills:
 + Level 4.2 Fighting
 + Level 3.0 Maces & Flails
 + Level 4.2 Armour
 + Level 4.2 Shields
 + Level 1.1 Transmutations


You had 2 spell levels left.
You knew the following spells:

 Your Spells              Type           Power      Damage    Failure   Level
a - Wereblood             Tmut           2%         N/A       77%         2

Your spell library contained the following spells:

 Spells                   Type           Power      Damage    Failure   Level
 Summon Hydra             Summ           0%         N/A       100%        7
 Sublimation of Blood     Necr           Unusable   N/A       N/A         2

Dungeon Overview and Level Annotations

Branches:
Dungeon (4/15)
 Temple: D:4-7

Altars:
Cheibriados

Shops:
D:3 [

Annotations:
D:4 Dowan, Duvessa


Innate Abilities, Weirdness & Mutations

You are immune to sickness and miasma.
Your stone body is resilient. (AC +4)
You are immune to poison.
You resist negative energy. (rN+)
You are resistant to electric shocks. (rElec)
You are resistant to unholy torment.
You are immune to petrification.


Message History

The magic dart hits you.
You hit Blork the orc.
Blork the orc is heavily wounded.
Blork the orc barely misses you.
You hit Blork the orc.
Blork the orc is severely wounded.
You block Blork the orc's attack.
Blork the orc hits you with a +0 halberd.
You sock Blork the orc!
You kill Blork the orc!
Your Maces & Flails skill increases to level 3!
Your Transmutations skill increases to level 1!
No target in view!
Things that are here:
a +0 halberd; a +0 robe HP restored.
Found a stone staircase leading down.
An ogre comes into view. It is wielding a +0 giant spiked club.
The ogre shouts!
Found a robe.
The ogre hits you with a +0 giant spiked club!!
Ouch! That really hurt!
You are too injured to fight recklessly!
You are too injured to fight recklessly!
You hit the ogre.
The ogre is lightly wounded.
The ogre barely misses you.
You hit the ogre.
The ogre is heavily wounded.
The ogre barely misses you.
You hit the ogre.
The ogre is heavily wounded.
The ogre closely misses you.
You hit the ogre but do no damage.
The ogre is heavily wounded.
The ogre barely misses you.
You hit the ogre.
The ogre is severely wounded.
The ogre hits you with a +0 giant spiked club!
You die...

#..# ..# ..#
... #.#
...####.#######
#....[........
#.# #@#
#######O#####
#>..........#
#.##....###.#
#. #.#.###.#
#.###..## ##.#
#.#...## #.#
#.#...# ...
#.#...## #.#


You could see an ogre.

Vanquished Creatures
  Blork the orc (D:4)
  3 adders
  3 worms (D:3)
  A dart slug (D:2)
  10 orcs (D:3)
  5 ball pythons
  5 bats
  6 endoplasms
  3 giant cockroaches
  7 goblins
  2 hobgoblins (D:1)
  4 jackals
  3 kobolds
  3 quokkas
  3 frilled lizards
  5 rats
64 creatures vanquished.

Notes
Turn   | Place    | Note
-------+----------+-------------------------------------------
     0 | D:1      | hikkokomori the Gargoyle Fighter began the quest for the
                  | Orb.
     0 | D:1      | Reached XP level 1. HP: 14/14 MP: 1/1
    84 | D:1      | Found a faded altar of an unknown god.
    94 | D:1      | Reached XP level 2. HP: 19/19 MP: 2/2
   372 | D:1      | Reached XP level 3. HP: 18/24 MP: 3/3
   375 | D:1      | Learned a level 2 spell: Wereblood
   861 | D:2      | Reached XP level 4. HP: 29/29 MP: 4/4
  1267 | D:3      | Noticed a torpor snail
  1269 | D:3      | Noticed a torpor snail
  1269 | D:3      | Noticed a torpor snail
  1271 | D:3      | Found a snail-covered altar of Cheibriados.
  2196 | D:3      | Found Enuxef's Armour Boutique.
  2263 | D:3      | Reached XP level 5. HP: 32/33 MP: 5/5
  2358 | D:4      | Noticed Duvessa
  2358 | D:4      | Noticed Dowan
  2402 | D:4      | Noticed Blork the orc
  2410 | D:4      | Killed Blork the orc
  2411 | D:4      | Reached skill level 1 in Transmutations
  2471 | D:4      | Noticed an ogre
  2482 | D:4      | Slain by an ogre

Illustrated notes

Levels and vault maps discovered:
D:1:      ncdulo_lavacross, layout_rooms, dreamdust_ecumenical_altar_statues
D:2:      layout_rooms
D:3:      layout_loops_corners, cheibriados_altar_2, serial_shops,
          nicolae_shop_waterfront, chequers_serial_rivers_small_3,
          dk_noncrumbling_3
D:4:      layout_loops_ring, uniq_grinder, uniq_duvessa, uniq_blork_the_orc,
          uniq_menkaure

Skill      XL: |  1  2  3  4  5 |
---------------+----------------+-----
Fighting       | 4 |  4.2
Shields        | 4 |  4.2
Armour         | 4 |  4.2
Maces & Flails | 3 |  3.0
Transmutations | 1 |  1.1

Action                   |  1- 3 |  4- 6 || total
-------------------------+-------+-------++-------
Melee: Flail             |   108 |   102 ||   210
  Use: Scroll            |       |     3 ||     3
Armor: Scale mail        |    66 |    36 ||   102
Dodge: Dodged            |    52 |    56 ||   108
Block: Buckler           |    26 |    22 ||    48
